[Event "Late-Titled-Tuesday-Blitz-February-20-2024"]
[Site "Chess.com"]
[Date "2024.02.20"]
[Round "2"]
[White "KVAIDAN"]
[Black "NikolaGry"]
[Result "0-1"]
[WhiteElo "2374"]
[BlackElo "2722"]
[TimeControl "180+1"]
[EndTime "14:17:49 PST"]
[Termination "NikolaGry won by resignation"]

1. f4 c5 2. Nf3 g6 3. d3 Bg7 4. e4 Nc6 5. Be2 d5 6. e5 Bg4 7. O-O Bxf3 8. Bxf3 e6 9. c4 Nge7 10. Nc3 Nd4 11. cxd5 exd5 12. Qa4+ Kf8 13. Ne2 Nxf3+ 14.
Rxf3 h5 15. d4 c4 16. Bd2 Kg8 17. Qb5 Qb6 18. a4 Qc6 19. Bb4 Nf5 20. Bc5 Bf8 21. Bxf8 Rxf8 22. Rd1 h4 23. Nc3 Rd8 24. Qa5 Kg7 25.
Qxa7 Ra8 26. Qc5 Qxc5 27. dxc5 d4 28. Nb5 d3 29. Nd6 Nd4 30. Rf2 Rxa4 31. Rc1 Ne2+ 32. Rxe2 dxe2 33. Kf2 c3 34. Rxc3 Rxf4+ 35. Kxe2 Rb4 36.
b3 Ra8 37. Kd3 Ra3 38. Kc2 Ra2+ 39. Kd3 Rxg2 40. Ne8+ Kh6 41. Nc7 Rxh2 42. Nd5 Rh3+ 43. Kd2 Rxc3 44. Kxc3 Rg4 45. Nf6 Rg3+ 46. Kd4 h3 47.
Nd7 h2 48. b4 h1=Q 49. b5 Rg4+ 50. Kc3 Qh3+ 0-1

[Event "Late-Titled-Tuesday-Blitz-February-20-2024"]
[Site "Chess.com"]
[Date "2024.02.20"]
[Round "2"]
[White "zajka-molotok"]
[Black "Sacbutt"]
[Result "1-0"]
[WhiteElo "2512"]
[BlackElo "2302"]
[TimeControl "180+1"]
[EndTime "14:17:49 PST"]
[Termination "zajka-molotok won on time"]

1. Nf3 e6 2. g3 d5 3. Bg2 Nf6 4. O-O Be7 5. c4 O-O 6. b3 c5 7.
Bb2 d4 8. e3 Nc6 9. exd4 cxd4 10.
Re1 Re8 11. a3 a5 12. Ne5 Nxe5 13. Rxe5 Bd6 14. Rb5 e5 15. d3 Qc7 16. Nd2 Ra7 17.
b4 a4 18. c5 Bf8 19. Nc4 Bd7 20. Ra5 Rxa5 21. Nxa5 b6 22. cxb6 Qxb6 23. Rc1 Qb5 24. Nc4 Bf5 25. Qf3 Bg6 26. Qc6 Qxc6 27. Bxc6 Re6 28. Bxa4 Bxd3 29. b5 Bxc4 30. Rxc4 d3 31. Rc8 d2 32. Bc3 Rd6 33. Bd1 Nd7 34. Bb4 Rb6 35.
a4 Rb8 36. Rxb8 Nxb8 37. Bxd2 Bc5 38. a5 Kf8 39. b6 Ke7 40. Bf3 Kd7 41. h4 f5 42. Kf1 e4 43. Be2 Kc6 44. Bc4 Nd7 45. Ke2 Ne5 46. Bg8 h6 47. Be6 g5 48. hxg5 hxg5 49.
Bxf5 Kb5 50. Bxe4 Ka6 51. b7 Nd7 52. Bxg5 Kxa5 53. Bf4 1-0

[Event "Late-Titled-Tuesday-Blitz-February-20-2024"]
[Site "Chess.com"]
[Date "2024.02.20"]
[Round "2"]
[White "ural58"]
[Black "cristiano78"]
[Result "1-0"]
[WhiteElo "2490"]
[BlackElo "2248"]
[TimeControl "180+1"]
[EndTime "14:17:49 PST"]
[Termination "ural58 won by resignation"]

1. e4 c5 2. b3 Nc6 3. Bb2 e5 4. f4 exf4 5. Qf3 Nf6 6. Qxf4 Be7 7.
e5 Nd5 8. Qf3 Nc7 9. Nc3 O-O 10.
Ne4 d5 11. exd6 Bxd6 12. Nxd6 Qxd6 13. O-O-O Nd4 14. Qf2 Bf5 15. d3 Bg6 16. Nf3 Nce6 17.
Nd2 b5 18. Ne4 Qd5 19. g4 f5 20. gxf5 Rxf5 21. Qd2 Raf8 22. Bg2 Nf3 23. Bxf3 Rxf3 24. Rhe1 Bxe4 25. dxe4 Qxd2+ 26. Rxd2 Rf1 27. Rxf1 Rxf1+ 28. Rd1 Rxd1+ 29. Kxd1 Ng5 30. e5 Nf3 31. Ke2 Nxh2 32.
Ke3 Ng4+ 33. Ke4 Kf7 34. Kd5 Ne3+ 35. Kxc5 Nxc2 36. e6+ Kxe6 37. Bxg7 b4 38. Kb5 h5 39. Bh6 h4 40. Bf4 Kf5 41. Bb8 h3 42. Ka6 Ke4 43. Kxa7 Nd4 44. Ka6 Kd3 45. Ka5 Nxb3+ 46.
axb3 Kc3 47. Ka4 Kd3 48. Bh2 Ke4 49. Bb8 Kd5 50. Kxb4 Kc6 51. Bh2 Kb7 52. Kc4 Kb6 53.
b4 Ka6 54. b5+ Kb7 55. Kc5 Kc8 56. b6 Kb7 57. Kb5 Ka8 58. Kc5 Kb7 59. Bg1 Ka6 60.
Kc6 Ka5 61. b7 Ka4 62. b8=Q h2 63. Qxh2 Ka5 64. Qb8 Ka4 65. Kc5 1-0

[Event "Late-Titled-Tuesday-Blitz-February-20-2024"]
[Site "Chess.com"]
[Date "2024.02.20"]
[Round "2"]
[White "chucksterf10"]
[Black "alexrustemov"]
[Result "1-0"]
[WhiteElo "2563"]
[BlackElo "2883"]
[TimeControl "180+1"]
[EndTime "14:17:50 PST"]
[Termination "chucksterf10 won on time"]

1. d4 d5 2. c4 c6 3. cxd5 cxd5 4. Bf4 Nf6 5. e3 Nc6 6. Nc3 a6 7. Bd3 Bg4 8. Nge2 e6 9. O-O Bd6 10. Bxd6 Bxe2 11. Qxe2 Qxd6 12. Rac1 O-O 13. a3 Qe7 14. f4 Ne8 15. Na4 Nd6 16. b3 Rac8 17.
h3 g6 18. Rc2 Qd8 19. b4 Ne7 20. Rfc1 Rxc2 21. Qxc2 Nef5 22. Qd2 Qh4 23. Qf2 Qe7 24. g4 Ng7 25. Nc5 h5 26. Kg2 Rc8 27. Kg3 b6 28. Nb3 Rxc1 29. Nxc1 a5 30. bxa5 bxa5 31. Nb3 Qc7 32. Qc2 Qb6 33. Nc5 hxg4 34. hxg4 Nge8 35. a4 Kg7 36. Qc3 Nf6 37. g5 Nfe4+ 38. Bxe4 dxe4 39.
d5+ Kg8 40. dxe6 Nf5+ 41. Kf2 fxe6 42. Nd7 Qd6 43. Nf6+ Kf7 44. Nxe4 Qd1 45. Qf6+ Ke8 46. Qxg6+ Kd8 47. Qg8+ Kc7 48. Qf7+ Kb8 49. Qe8+ Kc7 50. Qf7+ Kb8 51. Qf8+ Kc7 52. Qc5+ Kb8 53. Qb5+ Kc8 54. Qc5+ Kb8 55. Qb6+ Kc8 56. Qxe6+ Kc7 57. Qxf5 Qxa4 58.
g6 Qa2+ 59. Kg3 Qa1 60. Kg4 a4 61. Qe5+ Qxe5 62. fxe5 a3 63. Nc3 1-0

[Event "Late-Titled-Tuesday-Blitz-February-20-2024"]
[Site "Chess.com"]
[Date "2024.02.20"]
[Round "2"]
[White "sansanathalia"]
[Black "slavenok"]
[Result "0-1"]
[WhiteElo "2391"]
[BlackElo "2742"]
[TimeControl "180+1"]
[EndTime "14:17:52 PST"]
[Termination "slavenok won by checkmate"]

1. e4 c5 2. Nf3 a6 3. g3 e6 4. Bg2 d5 5. exd5 exd5 6. O-O Nf6 7. d4 cxd4 8. Nxd4 Be7 9. Bg5 O-O 10. Nc3 Nc6 11. Re1 h6 12. Bf4 Bb4 13. Qd3 Qa5 14. Nb3 Qd8 15. Red1 Bg4 16. f3 Be6 17. Ne2 Rc8 18.
c3 Bd6 19. Bxd6 Qxd6 20. f4 Rfd8 21. Ned4 Bg4 22. Rd2 Re8 23. h3 Bd7 24. Rad1 Ne4 25. Re2 Nxd4 26. Qxd4 Nxg3 27. Rxe8+ Rxe8 28. Qxd5 Ne2+ 29. Kh1 Qxd5 30. Bxd5 Bxh3 31. Bxb7 Nxf4 32. Bxa6 g5 33. Nd4 Kg7 34. Kh2 Bc8 35. Bc4 h5 36. Rg1 f6 37.
Rd1 h4 38. Nb5 g4 39. Nd6 g3+ 40. Kg1 Rh8 41. Nxc8 Rxc8 42. Bf1 Kg6 43. Rd4 Kg5 44. a4 Kg4 45. Be2+ Kf5 46. Bf1 Re8 47. a5 Re1 48.
Rd2 Nh3+ 49. Kg2 Nf4+ 50. Kg1 h3 51. a6 g2 52. Rf2 Kg4 53. a7 Ne2+ 54. Rxe2 Rxf1+ 55.
Kh2 Rh1# 0-1

[Event "Late-Titled-Tuesday-Blitz-February-20-2024"]
[Site "Chess.com"]
[Date "2024.02.20"]
[Round "2"]
[White "komogro"]
[Black "adwilhans"]
[Result "0-1"]
[WhiteElo "2500"]
[BlackElo "2333"]
[TimeControl "180+1"]
[EndTime "14:17:52 PST"]
[Termination "adwilhans won on time"]

1. Nf3 f5 2. d3 Nf6 3. e4 d6 4. Nc3 Nc6 5. Bg5 e5 6. d4 exd4 7. Nxd4 fxe4 8. Bb5 Bd7 9. Nxe4 Be7 10. Bxc6 bxc6 11.
Ng3 O-O 12. O-O Nd5 13. Bxe7 Qxe7 14. c4 Nf4 15. Nh5 Qe5 16. Nxf4 Rxf4 17. Nf3 Qxb2 18. Rb1 Qxa2 19. Rb7 Bg4 20. Qd2 Qxd2 21. Nxd2 Rf7 22.
Ra1 a5 23. f3 Bf5 24. Nb3 a4 25. Nd4 Bd3 26. Nxc6 Bxc4 27. Rb4 Bd5 28. Rb8+ Rxb8 29. Nxb8 Bb3 30. Kf2 c5 31. Nc6 Rc7 32. Na5 c4 33.
Ke3 c3 34. Rc1 c2 35. Kd2 d5 36. f4 Kf7 37. g4 Rc5 38. Nb7 Rc4 39. Nd6+ Ke6 40.
Nxc4 dxc4 41. Kc3 Kd5 42. h4 a3 43. f5 a2 44. Kb2 Ke5 45. Re1+ Kf4 0-1

[Event "Late-Titled-Tuesday-Blitz-February-20-2024"]
[Site "Chess.com"]
[Date "2024.02.20"]
[Round "2"]
[White "cmunda"]
[Black "Ajedrez_con_German"]
[Result "1/2-1/2"]
[WhiteElo "2132"]
[BlackElo "2657"]
[TimeControl "180+1"]
[EndTime "14:17:53 PST"]
[Termination "Game drawn - insufficient material"]

1. e4 e6 2. d4 d5 3. Nc3 Bb4 4. e5 Qd7 5. a3 Bxc3+ 6. bxc3 Ne7 7. Nf3 b6 8. Be2 Ba6 9. h4 h6 10. Rh3 Bxe2 11. Qxe2 Nbc6 12. g4 O-O-O 13. a4 Na5 14. Nd2 Ng6 15. Nb3 Nc4 16. h5 Ne7 17. a5 Kb7 18.
Nd2 Qc6 19. Nxc4 Qxc4 20. Qxc4 dxc4 21. Ba3 Nd5 22. Kd2 f6 23. Re1 c5 24. exf6 Nxf6 25. Rxe6 cxd4 26. cxd4 Rxd4+ 27. Kc3 Rhd8 28. f3 R8d7 29. axb6 axb6 30. Bf8 Rd1 31. Bxg7 Nd5+ 32. Kxc4 Nf4 33. Bxh6 Nxe6 34. Be3 Rc7+ 35. Kb3 Rb1+ 36. Ka2 Rb5 37. Rh2 Kc6 38. Bc1 Ra7+ 39. Ba3 Rba5 40.
h6 Rxa3+ 41. Kb2 Ra2+ 42. Kc1 Ng5 43. f4 Ne4 44. h7 Ra1+ 45. Kb2 R7a2+ 46. Kb3 Ra3+ 47.
Kb2 R3a2+ 48. Kb3 Ra3+ 49. Kb2 R1a2+ 50. Kb1 Ra8 51. h8=Q Rxh8 52. Rxh8 Nc3+ 53. Kc1 Ra4 54. Rf8 Rxf4 55. Rc8+ Kb5 56. Rxc3 Rxg4 57. Rb3+ Rb4 58.
Kb2 Rxb3+ 59. Kxb3 Kc5 60. Kc3 Kb5 61. Kb3 Kc5 62.
Kc3 b5 63. Kb3 b4 64. c3 bxc3 65. Kxc3 1/2-1/2

[Event "Late-Titled-Tuesday-Blitz-February-20-2024"]
[Site "Chess.com"]
[Date "2024.02.20"]
[Round "2"]
[White "janhelmer03"]
[Black "WindWhistler11"]
[Result "0-1"]
[WhiteElo "2228"]
[BlackElo "2482"]
[TimeControl "180+1"]
[EndTime "14:17:53 PST"]
[Termination "WindWhistler11 won on time"]

1. d4 Nf6 2. c4 e6 3. Nf3 c5 4. d5 exd5 5. cxd5 Bd6 6. Nc3 O-O 7. e4 Re8 8. Qc2 Bc7 9. Be2 d6 10. O-O a6 11. a4 Nbd7 12. Bf4 Nf8 13. h3 Ng6 14. Bh2 Rb8 15. Nd2 Qd7 16. a5 Qe7 17. Rfe1 Bd7 18. Bf1 Nh5 19. Nc4 Bb5 20. Nxb5 axb5 21.
Nb6 c4 22. b3 Bxb6 23. axb6 Rbc8 24. bxc4 bxc4 25. Qc3 Ne5 26. Be2 Qg5 27. g4 Nf4 28. Bf1 Nfd3 29. Re3 Qf6 30. Kg2 Nf4+ 31. Bxf4 Qxf4 32.
Be2 Re7 33. Ra4 Ng6 34. Rg3 Qg5 35. Rxc4 Nf4+ 36. Kf1 Rce8 37. Bf3 Ng6 38. Rc7 Ne5 39. Rxe7 Qxe7 40. Be2 Nd7 41. Bd3 Nxb6 42. Re3 Nd7 43. Bc2 Qg5 44. Kg2 Ne5 45. Qb3 Re7 46. Bd3 h5 47. Be2 Ng6 48. f3 Nf4+ 49. Kf2 Nxh3+ 50.
Ke1 Qh4+ 51. Kd2 hxg4 52. fxg4 Ng5 53. Bd3 Qf2+ 54. Re2 Nf3+ 55. Kc1 Qf1+ 56. Kb2 Nd4 57. Qd1 Qxd1 0-1

[Event "Late-Titled-Tuesday-Blitz-February-20-2024"]
[Site "Chess.com"]
[Date "2024.02.20"]
[Round "2"]
[White "Hrant_ChessMood"]
[Black "DefiantChair"]
[Result "1-0"]
[WhiteElo "3005"]
[BlackElo "2601"]
[TimeControl "180+1"]
[EndTime "14:17:55 PST"]
[Termination "Hrant_ChessMood won by resignation"]

1. Nf3 d5 2. d4 Nf6 3. c4 e6 4.
Nc3 Bb4 5. Bg5 dxc4 6. a3 Bxc3+ 7. bxc3 b5 8. Nd2 Nbd7 9. a4 c6 10. g3 h6 11. Bxf6 Nxf6 12. Bg2 Nd5 13. Qc1 a6 14. O-O O-O 15. Ne4 Ra7 16. Nc5 Re7 17. axb5 axb5 18.
e4 Nb6 19. e5 Nd5 20. Ra8 Qc7 21. Qa3 f5 22. Ra1 g5 23. Bxd5 exd5 24. Ra7 Qxa7 25. Qxa7 Rxa7 26. Rxa7 f4 27. gxf4 gxf4 28. f3 Bf5 29.
Kf2 b4 30. cxb4 c3 31. Ke2 Kh8 32. e6 Rg8 33. e7 Re8 34. Nb3 Kg7 35. Na5 Kf7 36.
Nxc6 Rc8 37. b5 Ke8 38. Kd1 Bd7 39. Ra6 Bxc6 40. bxc6 Kxe7 41. Kc2 Kd6 42. Kxc3 Rxc6+ 43. Rxc6+ Kxc6 44. Kb4 Kb6 45. h3 Kc6 46. Ka5 Kd6 47. Kb6 Kd7 48. Kc5 Ke6 49. Kc6 Kf5 50. Kxd5 Kg5 51.
Ke4 Kh4 52. d5 Kxh3 53. d6 Kg2 54. d7 1-0

[Event "Late-Titled-Tuesday-Blitz-February-20-2024"]
[Site "Chess.com"]
[Date "2024.02.20"]
[Round "2"]
[White "GMBenjaminBok"]
[Black "subham777"]
[Result "1-0"]
[WhiteElo "3011"]
[BlackElo "2603"]
[TimeControl "180+1"]
[EndTime "14:17:56 PST"]
[Termination "GMBenjaminBok won by resignation"]

1. d4 d5 2. c4 e6 3. Nc3 Nf6 4.
cxd5 exd5 5. Bg5 c6 6. e3 Bd6 7. Bd3 O-O 8. Nf3 h6 9. Bh4 Re8 10. O-O Nbd7 11. Re1 Nf8 12. e4 dxe4 13. Nxe4 Be7 14.
Bxf6 Bxf6 15. Nxf6+ gxf6 16. Rxe8 Qxe8 17. Qd2 Kg7 18.
Re1 Qd8 19. h3 Qd6 20. Re8 Rb8 21. Nh4 Be6 22. Rxb8 Qxb8 23. a3 Ng6 24. Nf5+ Bxf5 25. Bxf5 Qd6 26. Qe3 a5 27. g3 Ne7 28. Bc2 Qe6 29.
Kg2 Qd5+ 30. Be4 Qa2 31. Qe2 Qe6 32. Qf3 Qa2 33. Qg4+ Kf8 34. Qf4 Kg7 35. Qc7 Qe6 36.
Bf3 f5 37. Qxb7 Qd6 38. Qb6 f4 39. Qc5 Qc7 40. Qe5+ Qxe5 41. dxe5 fxg3 42. Kxg3 Ng6 43. Bxc6 Nxe5 44. Bd5 Nd3 45. b3 Kf6 46. Bc4 Nc5 47. b4 axb4 48. axb4 Na4 49. b5 Nb6 50. Bb3 Kg6 51. Kf4 f6 52. Ke4 Kg5 53. Kd4 Kh4 54. Be6 Kg5 55. Kc5 Na4+ 56. Kc6 Kf4 57. Bb3 Nc3 58. b6 1-0

[Event "Late-Titled-Tuesday-Blitz-February-20-2024"]
[Site "Chess.com"]
[Date "2024.02.20"]
[Round "2"]
[White "Genghis_K"]
[Black "CarlosjPineror"]
[Result "1/2-1/2"]
[WhiteElo "2940"]
[BlackElo "2571"]
[TimeControl "180+1"]
[EndTime "14:17:56 PST"]
[Termination "Game drawn by repetition"]

1. e4 c5 2. Nf3 e6 3. c3 Nf6 4. e5 Nd5 5. d4 cxd4 6. cxd4 b6 7. Bc4 Bb7 8. O-O d6 9. Qe2 dxe5 10. Nxe5 Nc6 11.
Bb5 Rc8 12. Nc3 Be7 13. Qg4 O-O 14. Bh6 Bf6 15. Bxc6 Bxc6 16. Ne4 Kh8 17. Bg5 Bxg5 18. Nxg5 Qe8 19. Qh5 h6 20. Rac1 Kg8 21. Ne4 Nf4 22. Qf3 Bxe4 23. Qxf4 Bd5 24. Rxc8 Qxc8 25. Rc1 Qb7 26. a3 f6 27. Ng4 Rc8 28. Rxc8+ Qxc8 29. Qd2 Qc6 30. Ne3 a5 31. h3 Kf7 32. f3 h5 33. Kf2 g5 34. Qd3 Kg7 35. Qd2 Kf7 36. Nd1 h4 37. Nc3 Qd6 38. Ne2 Qc6 39. Qd3 Kg7 40. Nc3 Qd6 41. Ne4 Bxe4 42. Qxe4 Qd5 43.
Qe3 Qd6 44. Qc3 Kg6 45. b4 axb4 46. axb4 Qg3+ 47. Kf1 Qd6 48. b5 Qd5 49. Qd3+ Kg7 50. Ke2 Kf7 51. Qh7+ Ke8 52. Qg8+ Ke7 53. Qg7+ Kd6 54.
Qxf6 Qxb5+ 55. Kf2 Qd5 56. f4 gxf4 57. Qxf4+ Kc6 58.
Qxh4 b5 59. Qh8 b4 60. Ke3 Kb5 61. h4 Qxg2 62. h5 Qg3+ 63. Ke4 Qg4+ 64. Ke5 Qf5+ 65. Kd6 Qd5+ 66. Kc7 Qc6+ 67. Kb8 b3 68. d5 exd5 69.
h6 Qb6+ 70. Ka8 Qc6+ 71. Kb8 Qb6+ 72. Ka8 Qc6+ 73. Kb8 1/2-1/2

[Event "Late-Titled-Tuesday-Blitz-February-20-2024"]
[Site "Chess.com"]
[Date "2024.02.20"]
[Round "2"]
[White "Christ_is_alive"]
[Black "IMRosen"]
[Result "0-1"]
[WhiteElo "2275"]
[BlackElo "2682"]
[TimeControl "180+1"]
[EndTime "14:17:58 PST"]
[Termination "IMRosen won by resignation"]

1. e4 c5 2. Nf3 Nc6 3. d4 cxd4 4. Nxd4 g6 5. c4 Nf6 6. Nc3 Nxd4 7. Qxd4 d6 8. Be2 Bg7 9. Be3 O-O 10. Qd2 Be6 11.
b3 a5 12. O-O a4 13. f3 axb3 14. axb3 Ra5 15. Rxa5 Qxa5 16. Nd5 Qxd2 17. Nxe7+ Kh8 18.
Bxd2 Re8 19. Nd5 Nxd5 20. exd5 Bxd5 21. Bd3 Bd4+ 22. Kh1 Be6 23. Be4 Rb8 24. Bb4 Bc5 25. Bc3+ Kg8 26. Rd1 f5 27. Bd5 Bxd5 28. Rxd5 b5 29.
g3 bxc4 30. bxc4 Rb3 31. Be5 Rb6 32. Bd4 Rb1+ 33. Kg2 Ba3 34. c5 dxc5 35. Bxc5 Bc1 36. Rd7 Rb2+ 37. Kh3 Bh6 38. Bd4 Rd2 39. Rd8+ Kf7 40.
Bb6 Rb2 41. Bc5 Bg5 42. Rc8 Rc2 43. f4 Bf6 44. Rc7+ Ke6 45. Bb6 Rb2 46. Ba5 Be7 47. Bc3 Rc2 48. Be5 Rd2 49. Rc6+ Kd5 50. Ra6 Bc5 51. Ra5 Kc6 52. Ra6+ Kb7 53. Ra5 Bg1 54.
Rb5+ Kc6 55. Kh4 Kxb5 56. Kg5 Rxh2 0-1

[Event "Late-Titled-Tuesday-Blitz-February-20-2024"]
[Site "Chess.com"]
[Date "2024.02.20"]
[Round "2"]
[White "Vladimir_Zakhartsov"]
[Black "ElDivis"]
[Result "1-0"]
[WhiteElo "2819"]
[BlackElo "2418"]
[TimeControl "180+1"]
[EndTime "14:17:59 PST"]
[Termination "Vladimir_Zakhartsov won by resignation"]

1. e4 c5 2. Nf3 d6 3. c3 Nf6 4. Bd3 Nc6 5. Bc2 g6 6. d4 cxd4 7. cxd4 Bg7 8. h3 O-O 9. O-O d5 10. e5 Ne4 11. Nc3 Nxc3 12. bxc3 f6 13. exf6 exf6 14.
Bf4 Be6 15. Re1 Qd7 16. Qd2 Rfe8 17. Bh6 Na5 18. Bd3 Nc4 19. Bxc4 dxc4 20. Bxg7 Kxg7 21. Nh2 b5 22. Re3 a5 23. Rae1 h5 24. Nf1 Bf7 25. Ng3 Rxe3 26. fxe3 b4 27. e4 b3 28. e5 fxe5 29. Rxe5 Re8 30. Rg5 Kf8 31. axb3 cxb3 32. Rxa5 Rb8 33. Qh6+ Ke7 34. Re5+ Kd6 35. Qf4 Kc6 36.
Qf6+ Kc7 37. Re7 b2 38. Rxd7+ Kxd7 39. Qxf7+ Kc8 40. Qe8+ Kc7 41. Qe5+ Kc8 42. Qe6+ Kc7 43. Qc4+ Kd7 44. Qa4+ Kc8 45. Qc6+ Kd8 46. Qd6+ Kc8 47. Qe6+ Kc7 48. Kh2 b1=Q 49. Ne4 Qb6 50. Qe5+ Kb7 51. Nd6+ Ka7 52. Qe7+ Ka6 53. Qe2+ Ka5 54. Nc4+ 1-0

[Event "Late-Titled-Tuesday-Blitz-February-20-2024"]
[Site "Chess.com"]
[Date "2024.02.20"]
[Round "2"]
[White "K_A_S_T_O_R"]
[Black "WilsonPalencia21"]
[Result "0-1"]
[WhiteElo "2793"]
[BlackElo "2531"]
[TimeControl "180+1"]
[EndTime "14:18:00 PST"]
[Termination "WilsonPalencia21 won by resignation"]

1. e4 c5 2. Nf3 d6 3. d4 cxd4 4. Nxd4 Nf6 5. Nc3 g6 6. Be2 Bg7 7. O-O O-O 8. Nb3 Nc6 9. Bg5 Be6 10. Qd2 d5 11. Bxf6 Bxf6 12. Nxd5 Bxb2 13. Rad1 Bg7 14. c4 Qc8 15. Na5 Bxd5 16. cxd5 Nd4 17. Rc1 Qd7 18. Nb3 Nxe2+ 19. Qxe2 b6 20. Rc6 e6 21. Qc4 exd5 22. exd5 Rad8 23. Rd1 Rfe8 24. h3 Be5 25. a4 Qf5 26. a5 bxa5 27. Nxa5 Rd7 28. Rc8 Rxc8 29. Qxc8+ Kg7 30. Qc4 h5 31. Nc6 Bd6 32. Qd4+ Qf6 33. Qc4 Qf5 34. Qd4+ Qf6 35. Qe3 Bf4 36. Qf3 Bd6 37. Qe2 Qf4 38. g3 Qf5 39. Kg2 h4 40. g4 Qf4 41. Qf3 Qxf3+ 42. Kxf3 f5 43. gxf5 gxf5 44. Rd4 Bc5 45. Rd3 Kf6 46. Ke2 Bd6 47. Re3 Bc5 48. Re6+ Kg5 49.
Re5 Bd6 50. Re3 Bc5 51. Rd3 Kf6 52. f4 Rg7 53. Ne5 Bd6 54. Re3 Rg2+ 55. Kd3 Rg3 56. Kd4 Rxe3 57. Kxe3 Bxe5 58. fxe5+ Kxe5 59. d6 Kxd6 60. Kf4 a5 61. Kxf5 a4 62. Kg4 a3 0-1

[Event "Late-Titled-Tuesday-Blitz-February-20-2024"]
[Site "Chess.com"]
[Date "2024.02.20"]
[Round "2"]
[White "dennisodessa"]
[Black "Hui_Li_Macau"]
[Result "1/2-1/2"]
[WhiteElo "2570"]
[BlackElo "2359"]
[TimeControl "180+1"]
[EndTime "14:18:00 PST"]
[Termination "Game drawn - insufficient material"]

1. d4 d5 2. c4 e6 3. Nc3 Nf6 4. cxd5 exd5 5. Bg5 c6 6. e3 Be7 7. Bd3 Nbd7 8. h3 O-O 9. Nf3 Re8 10. Qc2 Nf8 11. O-O Ne4 12. Bxe7 Qxe7 13. Bxe4 dxe4 14. Nd2 f5 15. f3 exf3 16. Rxf3 Be6 17. Raf1 Nd7 18.
e4 fxe4 19. Ndxe4 Rf8 20. Qd3 Rxf3 21. Rxf3 Rf8 22. Rxf8+ Nxf8 23. d5 cxd5 24. Nxd5 Bxd5 25. Qxd5+ Qe6 26. Qxe6+ Nxe6 27. Nd6 Nc5 28. b4 Nd3 29. a3 Ne1 30. a4 b6 31. Nc8 Nd3 32. b5 Nc5 33. Nxa7 Nxa4 34. Kf2 Kf7 35. Ke3 Ke6 36. Kd4 Kd6 37. Nc8+ Kd7 38. Na7 Kd6 39. Nc6 Nc5 40. g3 Ne6+ 41. Kc4 Ng5 42. h4 Ne4 43. g4 h6 44. Nb4 Nf6 45. g5 hxg5 46. hxg5 Nh7 47.
Nd5 Nxg5 48. Nxb6 Ne6 49. Nd5 g5 50. Ne3 Kc7 51. Kd5 Kb6 52. Kxe6 Kxb5 53. Kf5 g4 54.
Ng2 g3 55. Kf4 Kc4 56. Kf3 Kd3 57. Nh4 g2 58. Kxg2 1/2-1/2

[Event "Late-Titled-Tuesday-Blitz-February-20-2024"]
[Site "Chess.com"]
[Date "2024.02.20"]
[Round "2"]
[White "Superfelix"]
[Black "krzyzan94"]
[Result "1/2-1/2"]
[WhiteElo "2514"]
[BlackElo "2783"]
[TimeControl "180+1"]
[EndTime "14:18:02 PST"]
[Termination "Game drawn by agreement"]

1. e4 c5 2. Nf3 d6 3. c3 Nf6 4. Bd3 g6 5. Bc2 Bg7 6. O-O O-O 7. Re1 e5 8. d4 cxd4 9. cxd4 Nc6 10. Nc3 Bg4 11.
dxe5 Nxe5 12. Bg5 h6 13. Bh4 g5 14. Bg3 Bxf3 15. gxf3 Nh5 16. Nd5 Rc8 17. Bb3 Rc6 18. f4 Nxf4 19. Nxf4 gxf4 20. Bxf4 Qf6 21. Bxe5 dxe5 22.
Re3 Rd8 23. Bd5 Qe7 24. Rg3 Kh8 25. Qh5 Rf6 26. Rc1 Rg8 27. Qg4 Qb4 28. Rb3 Qd2 29. Qd1 Qxf2+ 30. Kh1 Rg6 31. Qf1 Qd2 32. Rd1 Qg5 33.
Rg3 Qh5 34. Rxg6 Qxg6 35. Qxf7 Qxf7 36. Bxf7 Rf8 37. Bg6 Rf6 38. Bf5 Rf7 39. Rd6 Bf8 40.
Re6 Re7 41. Rf6 Kg7 42. Rg6+ Kf7 43. Rd6 Rc7 44. Rd7+ Rxd7 45. Bxd7 Kf6 46. Kg2 Kg5 47. Kf3 Bc5 48. h3 Bd4 49. b3 a5 50. a4 b6 51.
Bg4 h5 52. Bd7 h4 53. Bg4 Bc3 54. Be6 Be1 55. Bg4 Bg3 56. Be6 Kf6 57. Bf5 Ke7 58.
Ke2 Kd6 59. Kd3 Kc5 60. Kc3 Bf2 61. Kc2 Bd4 62. Bg4 b5 63. axb5 Kxb5 64. Bd7+ Kb4 65. Bg4 Bb6 66. Be6 Kc5 67. Bf5 Kd4 68. Kb2 Bc5 69.
Kc2 Bb4 70. Bg6 Ke3 71. Bf5 Kf3 72. Kd3 Kf4 73. Kc4 Bd2 74. Kd3 Bb4 75. Kc4 Be1 76. Kb5 Bb4 77. Ka4 Ke3 78. Kb5 Kd4 79. Ka4 Kd3 80.
Bg6 Kc3 81. Bf5 Kd4 82. Bg6 Kc5 83. Bf5 Kb6 84. Bg6 Bd2 85. Bf5 Kc5 86. Bg6 Kb6 1/2-1/2

[Event "Late-Titled-Tuesday-Blitz-February-20-2024"]
[Site "Chess.com"]
[Date "2024.02.20"]
[Round "2"]
[White "picturesquecheck"]
[Black "larsmandreassen"]
[Result "1-0"]
[WhiteElo "2456"]
[BlackElo "2182"]
[TimeControl "180+1"]
[EndTime "14:18:04 PST"]
[Termination "picturesquecheck won on time"]

1. e4 d5 2. exd5 Nf6 3. Nf3 Nxd5 4. d4 Bg4 5. Be2 e6 6. h3 Bh5 7.
O-O Be7 8. c4 Nf6 9. b3 O-O 10.
Bb2 Nbd7 11. Nbd2 c6 12. Re1 h6 13. Nf1 a5 14. Ng3 Bg6 15. a4 Bb4 16. Rf1 Ne4 17. Nxe4 Bxe4 18. Bd3 Bxd3 19. Qxd3 Re8 20. Rad1 Qc7 21. Ba1 Rad8 22. Qc2 Nf6 23. Qe2 Qf4 24.
Ne5 Qe4 25. Qb2 Qf5 26. Rd3 Ne4 27. Rf3 Qh5 28. Rxf7 Bc3 29. Qc2 Bxd4 30. Qxe4 Bxe5 31. Rxb7 Bxa1 32. Rxa1 Rf8 33. Rf1 Rd1 34. Qxe6+ Kh8 35. Qg4 Rxf1+ 36. Kxf1 Qe5 37. Kg1 Qe1+ 38. Kh2 Qe5+ 39.
Qg3 Qf6 40. Rb8 Kh7 41. Rxf8 Qxf8 42. Qd3+ Kh8 43. Qe3 Qd6+ 44. g3 Qf6 45. h4 Kh7 46. Qe4+ Kh8 47. Qe3 Kh7 48. Kg2 h5 49. Qf3 Qg6 50.
Qf4 Qd3 51. Qe5 Qxb3 52. Qxh5+ Kg8 53. Qxa5 Qxc4 54. Qd8+ Kh7 55. a5 Qe4+ 56. Kh2 Qf5 57. Qb6 c5 58. Qb2 1-0

[Event "Late-Titled-Tuesday-Blitz-February-20-2024"]
[Site "Chess.com"]
[Date "2024.02.20"]
[Round "2"]
[White "BilodeauA"]
[Black "Fh2411"]
[Result "1-0"]
[WhiteElo "3031"]
[BlackElo "2610"]
[TimeControl "180+1"]
[EndTime "14:18:05 PST"]
[Termination "BilodeauA won on time"]

1. e4 c6 2. d4 d5 3. e5 Bf5 4. Nf3 e6 5. Be2 Nd7 6. O-O Ne7 7. Nbd2 h6 8. Nb3 Nc8 9. Ne1 Be7 10. Be3 Ncb6 11. Bd3 Nc4 12. Bxf5 exf5 13. Nd3 Nf8 14. Nd2 Nxd2 15. Qxd2 Ne6 16. a4 a5 17. b3 Bg5 18.
Qc3 f4 19. Bc1 h5 20. Ne1 Bh6 21. Ba3 g5 22. b4 Bf8 23. Nd3 Be7 24. Rfb1 axb4 25.
Bxb4 O-O 26. a5 Bxb4 27. Qxb4 Ra7 28. c3 Qd7 29. Ra3 Rfa8 30. Rba1 Qc7 31. h3 Kg7 32. Ne1 Qd8 33. R1a2 g4 34. hxg4 hxg4 35. Kf1 Qh4 36.
Ke2 Qh5 37. Kd1 Qf5 38. Qb2 Qe4 39. f3 Qf5 40. Qe2 g3 41. Qc2 Qh5 42. Qd3 Qh1 43. Qf5 Qh4 44. Ke2 Qg5 45. Qxg5+ Nxg5 46. Nd3 Ne6 47. Nb4 Kg6 48. a6 bxa6 49. Nxc6 Rc7 50. Nb4 a5 51. Nxd5 Rb7 52. Kd3 Rab8 53. Ke4 Rb2 54.
Nxf4+ Nxf4 55. Kxf4 Rxa2 56. Rxa2 Ra8 57. Ra4 Rc8 58.
c4 1-0

[Event "Late-Titled-Tuesday-Blitz-February-20-2024"]
[Site "Chess.com"]
[Date "2024.02.20"]
[Round "2"]
[White "DreamsAreFake"]
[Black "kylelancman"]
[Result "0-1"]
[WhiteElo "2755"]
[BlackElo "2494"]
[TimeControl "180+1"]
[EndTime "14:18:09 PST"]
[Termination "kylelancman won by resignation"]

1. Nf3 Nf6 2. g3 b5 3. Bg2 Bb7 4. O-O e6 5. b3 Be7 6. Bb2 O-O 7. c4 bxc4 8. bxc4 c5 9. Nc3 Nc6 10. Rb1 Rb8 11. e3 Qc7 12. Qc2 Nb4 13. Qb3 a6 14. a3 Nd3 15. Qc2 Nxb2 16. Rxb2 Bc6 17. Rfb1 Rxb2 18. Qxb2 Bd6 19. Ne1 Bxg2 20. Nxg2 Rb8 21.
Qxb8+ Qxb8 22. Rxb8+ Bxb8 23. d3 Kf8 24. h3 Ke7 25. Kf1 d5 26. Ke2 Kd6 27. Ne1 Bc7 28. Nc2 Nd7 29. cxd5 exd5 30. e4 d4 31. Nd5 Bd8 32.
Na1 f5 33. f3 fxe4 34. fxe4 Ne5 35. Nb3 h6 36. Nd2 Ba5 37. Nf3 Bd8 38. a4 Nxf3 39. Kxf3 Ke5 40. Nf4 Kf6 41. Ke2 g6 42. Kd1 Kf7 43. Kc2 Bc7 44. Ne2 Ke6 45. Kb3 Kd6 46. Kc4 Kc6 47. Nf4 g5 48. Nh5 Be5 49. Kb3 Kd6 50.
Kc2 Kc6 51. Kd1 Kb6 52. Kc2 Ka5 53. Kb3 Kb6 54. h4 gxh4 55. gxh4 Kc6 56. Kc4 Kd6 57. Kb3 Kc6 58. Kc2 c4 59. dxc4 Kc5 60.
Kd3 a5 61. Ke2 Kxc4 62. Kf3 d3 63. Kg4 d2 64. Kf5 d1=Q 65. Kxe5 Qxh5+ 66. Kd6 Qxh4 67. e5 Qd4+ 68. Ke6 Kd3 69. Kf5 Qxa4 70. e6 Qe8 71.
Kf6 a4 72. Kg7 Qxe6 73. Kh7 a3 74. Kg7 a2 75. Kh7 Ke4 76. Kh8 a1=Q+ 77. Kh7 Qa7+ 0-1